 Dungeon Crawl Stone Soup version 0.14-a0-1637-gd423c14 (webtiles) character file.

106 PolkaDot the Vexing (level 2, -3/19 HPs)
             Began as a Vampire Enchanter on Dec 26, 2013.
             Killed from afar by Satan Claus (11 damage)
             ... with a snowball
             ... on Level 3 of the Dungeon.
             The game lasted 00:04:27 (1171 turns).

PolkaDot the Vexing (Vampire Enchanter)             Turns: 1171, Time: 00:04:27

HP  -3/19        AC  4     Str  7      XL: 2   Next: 86%
MP   3/4         EV 12     Int 22      God:
Gold 81          SH  0     Dex 14      Spells:  1 memorised,  4 levels left

rFire  + . .     SeeInvis +     a - +1 dagger
rCold  . . .     Clarity  .     b - +1 robe
rNeg   . . .     Conserve .     (no shield)
rPois  .         rCorr    .     (no helmet)
rElec  .         rRot     .     s - +0 cloak
SustAb . .       Spirit   .     (no gloves)
rMut   .         Warding  .     (no boots)
Saprov . . .     Stasis   .     (no amulet)
                                (no ring)
                                l - ring of protection from fire {unknown}

@: regenerating quickly, brilliant, not resistant to hostile enchantments,
stealthy
A: fangs 3, see invisible, unbreathing
a: no special abilities


You were on level 3 of the Dungeon.
You were very full.

You visited 1 branch of the dungeon, and saw 3 of its levels.

You collected 81 gold pieces.

Inventory:

Hand weapons
 a - a +1,+1 dagger (weapon)
Missiles
 d - 12 darts (quivered)
Armour
 b - a +1 robe (worn)
 s - a +0 cloak (worn)
Scrolls
 e - 3 scrolls of identify {unknown}
 f - 3 scrolls of remove curse
 k - a scroll of enchant weapon II {unknown}
 m - 2 scrolls of enchant armour {unknown}
 n - a scroll of teleportation {unknown}
 o - a scroll of magic mapping {unknown}
 p - a scroll of curse weapon {unknown}
 q - a scroll of amnesia {unknown}
 r - 2 scrolls of recharging {unknown}
 t - a scroll of fear {unknown}
Jewellery
 l - a ring of protection from fire (left hand) {unknown}
 u - an uncursed ring of fire {unknown}
Potions
 h - 3 potions of heal wounds
Books
 c - a book of Maledictions

   Spells                             Type                      Level
   *Corona                            Hexes                        1
   Sure Blade                         Hexes/Charms                 2
   Ensorcelled Hibernation            Hexes/Ice                    2
   Confuse                            Hexes                        3
   Enslavement                        Hexes                        4
   Invisibility                       Hexes                        6


   Skills:
 * Level 2.7 Short Blades
 - Level 0.7 Throwing
 - Level 2.1 Dodging
 - Level 3.0 Stealth
 - Level 2.0 Spellcasting
 + Level 4.9 Hexes


You had 4 spell levels left.
You knew the following spells:

 Your Spells              Type           Power        Failure   Level  Hunger
a - Corona                Hex            #####..      1%          1    #......


Dungeon Overview and Level Annotations

Branches:
Dungeon (3/16)

Altars:
Elyvilon

Annotations:
D:3 Satan Claus


Innate Abilities, Weirdness & Mutations

Your natural rate of healing is unusually fast.
You have razor-sharp teeth.
You have supernaturally acute eyesight.
You can survive without breathing.


Message History

Satan Claus throws a snowball at you. The snowball hits you!
Satan Claus gestures at you while chanting.
You are confused.
You hit Satan Claus but do no damage. Satan Claus misses you.
Satan Claus conjures a ball of snow at you.
The snowball hits you!
* * * LOW HITPOINT WARNING * * *
Drink which item? (? for menu, Esc to quit)
You feel better.
Satan Claus conjures a ball of snow at you.
The snowball hits you! Satan Claus closely misses you.
A goblin comes into view.
The goblin shouts!
A kobold comes into view.
Satan Claus throws a snowball at you. The snowball hits you!
Ouch! That really hurt!
You die...

#...(........##.##.#
#....#####...##.##.#
#.... #....##.##.#
#....
#....##.##.####.###
....
....................
###...#.##.####.###
#.. #@##.# #.##.#
#.@..# #..!.#
#......# #......#
.........
....#....#.
....g#....#
?...K.... . .


You could see Satan Claus and a goblin.

Vanquished Creatures
  6 bats
  A giant cockroach (D:2)
  4 hobgoblins
  4 giant newts
  9 goblins
  2 rats (D:2)
26 creatures vanquished.

Notes
Turn   | Place    | Note
--------------------------------------------------------------
     0 | D:1      | PolkaDot, the Vampire Enchanter, began the quest for the Orb.
     0 | D:1      | Reached XP level 1. HP: 13/13 MP: 3/3
   251 | D:1      | Reached XP level 2. HP: 14/19 MP: 2/4
  1116 | D:3      | Found a white marble altar of Elyvilon.
  1153 | D:3      | Noticed Satan Claus
  1171 | D:3      | Killed from afar by Satan Claus

Action                   || total
-------------------------++-------
Melee: Dagger            ||    93
 Cast: Corona            ||     5
  Use: Potion            ||     6
       Scroll            ||     1
 Stab: Sleeping          ||     1
